 Dungeon Crawl Stone Soup version 0.23.2-11-gf996548c65 (webtiles) character file.

Game seed: 16430059153436916357

9124 KristianNielsen the Covert (level 11, -4/86 HPs)
             Began as a Vampire Gladiator on June 5, 2019.
             Was a Believer of Ashenzari.
             Slain by a spiny frog (19 damage)
             ... on level 2 of the Lair of Beasts.
             The game lasted 01:03:35 (11960 turns).

KristianNielsen the Covert (Vampire Gladiator)     Turns: 11960, Time: 01:03:36

Health: -4/86      AC: 11    Str: 14    XL:     11   Next: 18%
Magic:  0/20       EV: 20    Int: 13    God:    Ashenzari [**....]
Gold:   781        SH:  0    Dex: 19    Spells: 7/10 levels left

rFire    . . .     SeeInvis +   K - +7 dagger (venom)
rCold    + . .     Gourm    .   (no shield)
rNeg     + . .     Faith    .   i - +2 leather armour {rC+}
rPois    .         Spirit   +   t - +2 helmet (curse)
rElec    .         Reflect  .   j - scarf {repulsion}
rCorr    .         Harm     .   I - +1 pair of gloves
MR       +....                  (no boots)
Stlth    +++++.....             q - amulet of guardian spirit
HPRegen  0.24/turn              c - ring of the Octopus King {MP+9 AC+1 EV+1 Str+1 Int+1 Dex+1} (curse)
MPRegen  0.17/turn              b - +3 ring of slaying

@: lethally poisoned (-4 -> -4), confusing touch, repel missiles
A: fangs 3, see invisible, unbreathing
a: Bat Form, Curse Item, Scrying, Renounce Religion


You were on level 2 of the Lair of Beasts.
You worshipped Ashenzari.
Ashenzari was pleased with you.
You were not thirsty.

You visited 4 branches of the dungeon, and saw 15 of its levels.

You collected 781 gold pieces.

Inventory:

Hand Weapons
 K - a +7 dagger of venom (weapon)
Armour
 i - a +2 leather armour of cold resistance (worn)
 j - a scarf of repulsion (worn)
 t - a cursed +2 helmet (worn)
 y - a +0 cloak of magic resistance
 I - a +1 pair of gloves (worn)
Jewellery
 b - a +3 ring of slaying (right hand)
 c - a cursed ring of the Octopus King (left hand) {MP+9 AC+1 EV+1 Str+1 Int+1 Dex+1}
   (You found it on level 4 of the Dungeon)

   [ring of magical power]

   It affects your AC (+1).
   It affects your evasion (+1).
   It affects your strength (+1).
   It affects your intelligence (+1).
   It affects your dexterity (+1).
   It affects your magic capacity (+9).
   It has a curse placed upon it.
 h - an uncursed ring of wizardry
 p - a +1 ring of evasion
 q - an amulet of guardian spirit (around neck)
Wands
 f - a wand of digging (6)
 m - a wand of acid (12)
 o - a wand of flame (47)
 F - a wand of enslavement (4)
 G - a wand of iceblast (14)
Scrolls
 a - a scroll of blinking {unknown}
 g - a scroll of amnesia
 k - a scroll of remove curse
 l - a scroll of enchant armour {unknown}
 u - 2 scrolls of identify
 v - a scroll of teleportation
 w - 2 scrolls of immolation {unknown}
 C - a scroll of brand weapon {unknown}
 J - a scroll of fear {unknown}
Potions
 d - 5 potions of curing
 e - 11 potions of blood
 n - 2 potions of ambrosia
 r - 2 potions of heal wounds
 s - a potion of flight {unknown}
 x - a potion of haste
 z - 2 potions of might {unknown}
 A - a potion of cancellation
 B - a potion of invisibility {unknown}
 D - 6 potions of brilliance
 E - a potion of magic


   Skills:
 + Level 7.9 Fighting
 - Level 10.0 Short Blades
 - Level 1.5 Throwing
 + Level 9.6 Dodging
 + Level 12.3 Stealth
 - Level 7.5 Hexes


You had 7 spell levels left.
You knew the following spells:

 Your Spells              Type           Power        Failure   Level  Hunger
a - Slow                  Hex            ###.....     2%          2    ###....
b - Confusing Touch       Hex            ###...       1%          1    ##.....

Your spell library contained the following spells:

 Spells                   Type           Power        Failure   Level  Hunger
 Animate Skeleton         Necr           N/A          36%         1    ##.....
 Apportation              Tloc           #.....       36%         1    ##.....
 Freeze                   Ice            #...         36%         1    ##.....
 Magic Dart               Conj           #...         36%         1    ##.....
 Summon Small Mammal      Summ           #...         36%         1    ##.....
 Blink                    Tloc           N/A          52%         2    ###....
 Call Imp                 Summ           #.......     52%         2    ###....
 Throw Frost              Conj/Ice       #.....       52%         2    ###....
 Conjure Flame            Conj/Fire      #.......     75%         3    ####...
 Mephitic Cloud           Conj/Pois/Air  #.......     75%         3    ####...
 Ozocubu's Armour         Chrm/Ice       #.......     75%         3    ####...
 Summon Ice Beast         Ice/Summ       #.......     98%         4    #####..
 Throw Icicle             Conj/Ice       #.......     98%         4    #####..


Dungeon Overview and Level Annotations

Branches:
Dungeon (11/15)            Temple (1/1) D:4            Lair (2/6) D:11
    Orc (1/2) D:9
  Swamp: Lair:2-4    Shoals: Lair:2-4     Snake: Lair:2-4    Spider: Lair:2-4

Altars:
Ashenzari
Cheibriados
Dithmenos
Elyvilon
Fedhas
Gozag
Hepliaklqana
Kikubaaqudgha
Makhleb
Nemelex Xobeh
Okawaru
Qazlal
Ru
Sif Muna
Trog
Uskayaw
Vehumet
Wu Jian
Xom
Yredelemnul
Zin
The Shining One

Shops:
D:7 [   D:10 }

Annotations:
D:3 1 runed translucent door, Crazy Yiuf
D:4 Edmund
D:11 exclusion: oklob plant
Orc:1 3 runed translucent doors, bosakos's ghost, adept MfGl


Innate Abilities, Weirdness & Mutations

You have razor-sharp teeth.
You have supernaturally acute eyesight. (SInv)
You can survive without breathing.


Message History

Confirm with . or Enter, or press ? or * to list all spells.
Your hands begin to glow red.
You feel sick.
The hippogriff seems less confused.
The spiny frog stings you!
The spiny frog stings you but does no damage.
You hit the spiny frog but do no damage.
The spiny frog is severely wounded.
You hit the spiny frog but do no damage.
The spiny frog is severely wounded.
The spiny frog closely misses you. The hippogriff barely misses you.
The hippogriff pecks you but does no damage.
The hippogriff barely misses you.
Found an uncursed robe.
A blink frog comes into view.
You feel sick. 2 blink frogs come into view.
A blink frog comes into view.
The spiny frog stings you!
* * * LOW HITPOINT WARNING * * *
You feel sick. The spiny frog stings you!!
You die...

* *
....P..#.......#,
#.....P.......##*
#.............#
#......#..<.### *
#..........##
#.#.....<..# *
#.........##
####..........##
#...@F.........# ,
##....H..##.......#*
*#........###.......
,
#.......[P###.......
, , .F......####
#...... , ,
##F.....## #...., ,
.F.F...## *#..
P.....#* *,, , .....


You could see a hippogriff, a spiny frog and 4 blink frogs.

Vanquished Creatures
  An unseen horror (D:10)
  Pikel (D:3)
  Maurice (D:8)
  2 centaur zombies
  3 hippogriffs
  A vampire (D:11)
  A spriggan (D:7)
  15 yaks
  A water moccasin (Lair:1)
  A porcupine (Lair:1)
  An ice beast (D:7)
  2 sky beasts
  7 orc warriors
  2 black bears
  A necrophage (D:7)
  A phantom (D:6)
  2 centaurs
  5 bullfrogs
  A gnoll sergeant (D:5)
  4 scorpions
  2 water moccasin skeletons
  4 wights (D:11)
  5 killer bees (D:11)
  4 howler monkeys
  A jelly (D:10)
  3 crimson imps
  A bullfrog zombie (D:5)
  10 orc wizards
  4 bullfrog skeletons
  5 orc priests
  A gnoll shaman (D:10)
  3 hounds
  2 centaur skeletons
  Ijyb (D:3)
  8 worker ants
  3 iguanas
  A mummy (D:9)
  Robin (D:4)
  12 gnolls
  16 adders
  2 oozes
  3 adder skeletons
  2 worms
  4 dart slugs
  8 leopard geckos
  44 orcs
  A ball python (D:1)
  11 bats
  A giant cockroach (D:6)
  25 goblins
  13 hobgoblins
  8 jackals
  5 quokkas
  5 frilled lizards
  A jackal skeleton (D:4)
  9 kobolds
  A leopard gecko skeleton (D:5)
  A leopard gecko zombie (D:4)
  A quokka skeleton (D:4)
  A quokka zombie (D:6)
  6 rats
  A plant (D:11)
293 creatures vanquished.

Vanquished Creatures (others)
  A slave (D:4)
  2 worker ants (D:4)
  A jackal (D:1)
4 creatures vanquished.

Grand Total: 297 creatures vanquished

Notes
Turn   | Place    | Note
-------+----------+-------------------------------------------
     0 | D:1      | KristianNielsen the Vampire Gladiator began the quest for
                  | the Orb.
     0 | D:1      | Reached XP level 1. HP: 16/16 MP: 1/1
    75 | D:1      | Reached skill level 1 in Stealth
   126 | D:1      | Reached XP level 2. HP: 22/22 MP: 2/2
   695 | D:1      | Reached skill level 2 in Stealth
   695 | D:1      | Reached XP level 3. HP: 27/27 MP: 3/3
  1322 | D:2      | Reached XP level 4. HP: 34/34 MP: 4/4
  1400 | D:2      | Noticed a sky beast
  1421 | D:2      | Killed a sky beast
  1421 | D:2      | Reached skill level 3 in Stealth
  1421 | D:2      | Reached XP level 5. HP: 35/40 MP: 5/5
  1814 | D:3      | Noticed Ijyb
  1835 | D:3      | Killed Ijyb
  1835 | D:3      | Reached skill level 4 in Stealth
  2292 | D:3      | Noticed an orc warrior
  2459 | D:4      | Found a staircase to the Ecumenical Temple.
  2488 | Temple   | Entered the Ecumenical Temple
  2665 | Temple   | Became a worshipper of Ashenzari the Shackled
  2784 | D:4      | Reached XP level 6. HP: 46/47 MP: 4/6
  2828 | D:4      | Noticed a slave
  2829 | D:4      | Noticed Pikel
  2829 | D:4      | Noticed a slave
  2861 | D:3      | Killed Pikel
  2861 | D:3      | Reached skill level 5 in Short Blades
  2861 | D:3      | Reached skill level 5 in Dodging
  2861 | D:3      | Reached skill level 6 in Stealth
  2861 | D:3      | Reached XP level 7. HP: 37/54 MP: 5/7
  3095 | D:3      | Found a runed translucent door.
  3096 | D:3      | Noticed Crazy Yiuf
  3593 | D:4      | Found the ring of the Octopus King {MP+9 AC+1 EV+1 Str+1
                  | Int+1 Dex+1}
  3593 | D:4      | Found the ring of the Octopus King {MP+9 AC+1 EV+1 Str+1
                  | Int+1 Dex+1}
  3697 | D:4      | Noticed Edmund
  3717 | D:4      | Reached XP level 8. HP: 51/61 MP: 6/8
  3852 | D:5      | Entered Level 5 of the Dungeon
  3867 | D:5      | Reached skill level 7 in Stealth
  3912 | D:4      | Noticed Robin
  4027 | D:4      | Killed Robin
  4250 | D:5      | Found a snail-covered altar of Cheibriados.
  4721 | D:5      | Reached skill level 5 in Fighting
  5002 | D:5      | Reached skill level 8 in Stealth
  5268 | D:7      | Found Rasm's Antique Armour Shop.
  5582 | D:6      | Reached XP level 9. HP: 68/68 MP: 9/9
  5615 | D:6      | Reached skill level 9 in Stealth
  6159 | D:7      | Reached * piety under Ashenzari
  6208 | D:7      | Learned a level 2 spell: Slow
  6481 | D:7      | Reached skill level 1 in Hexes
  6868 | D:8      | Noticed Maurice
  6874 | D:8      | Killed Maurice
  6874 | D:8      | Reached skill level 10 in Stealth
  7554 | D:9      | Found a hide-covered altar of Uskayaw.
  7830 | D:9      | Reached XP level 10. HP: 76/76 MP: 10/10
  8115 | D:8      | Reached skill level 5 in Hexes
  8224 | D:9      | Found a staircase to the Orcish Mines.
  8399 | D:9      | Reached skill level 11 in Stealth
  8571 | D:9      | Found a snail-covered altar of Cheibriados.
  8732 | Orc:1    | Entered Level 1 of the Orcish Mines
  8748 | Orc:1    | Found a runed translucent gate.
  8748 | Orc:1    | Found a runed translucent gate.
  8749 | Orc:1    | Found a runed translucent gate.
  8752 | Orc:1    | Found an iron altar of Okawaru.
  8752 | Orc:1    | Noticed a deep elf archer
  8752 | Orc:1    | Noticed bosakos's ghost (adept MfGl)
  8752 | Orc:1    | Noticed a deep elf knight
  8753 | Orc:1    | Noticed a merfolk impaler
  8753 | Orc:1    | Noticed a centaur warrior
  8753 | Orc:1    | Noticed an orc knight
  8873 | Orc:1    | Noticed an orc warlord
  9026 | D:10     | Entered Level 10 of the Dungeon
  9594 | D:10     | Found Tutoyn's Gadget Shop.
 10101 | D:11     | Noticed an unseen horror
 10170 | D:10     | Killed an unseen horror
 10170 | D:10     | Reached skill level 12 in Stealth
 10398 | D:11     | Reached ** piety under Ashenzari
 10521 | D:11     | Noticed an oklob plant
 10635 | D:11     | Reached XP level 11. HP: 79/85 MP: 11/11
 11171 | D:11     | Found a staircase to the Lair.
 11455 | D:11     | Learned a level 1 spell: Confusing Touch
 11781 | Lair:1   | Entered Level 1 of the Lair of Beasts
 11889 | Lair:1   | Reached skill level 10 in Short Blades
 11960 | Lair:2   | Slain by a spiny frog

Skill      XL: |  1  2  3  4  5  6  7  8  9 10 11 |
---------------+----------------------------------+-----
Stealth        | 1 2 3 4 6 8 10 12 | 12.3
Fighting       | 2 3 4 5 6 7 |  7.9
Short Blades   | 4 5 6 7 8 9 10 | 10.0
Dodging        | 4 5 6 7 8 9 |  9.6
Hexes          | 4 7 |  7.5
Throwing       | |  1.5

Action                   |  1- 3 |  4- 6 |  7- 9 | 10-12 || total
-------------------------+-------+-------+-------+-------++-------
Melee: Rapier            |    63 |       |       |       ||    63
       Dagger            |    61 |   114 |   528 |   633 ||  1336
       Bite              |    10 |    11 |    83 |   146 ||   250
       Short sword       |       |       |       |   145 ||   145
 Cast: Slow              |       |       |       |     4 ||     4
       Confusing Touch   |       |       |       |     3 ||     3
Invok: Curse Item        |       |       |     2 |       ||     2
Evoke: Wand              |       |     1 |       |       ||     1
  Use: Potion            |     6 |       |    16 |    10 ||    32
       Scroll            |     1 |     2 |     5 |    11 ||    19
 Stab: Sleeping          |     5 |     3 |    17 |     7 ||    32
       Distracted        |       |       |     1 |     1 ||     2
  Eat: Corpse            |       |       |     4 |    11 ||    15
Armor: Leather armour    |    42 |    20 |    82 |   107 ||   251
Dodge: Dodged            |   106 |    72 |   312 |   488 ||   978
